Description

Slight modification of PIG's TVZ build for diamond. Goes for viking harrass. Should be able to time the 1-1 upgrades and stim. Second push can come with 2-2 and the other upgrades

VOD

https://www.youtube.com/watch?v=K_QZU4VPfeY&list=PLOrKQEirgvjC6wYzKFAYaIBI5kaIS9NX5&index=6&ab_channel=PiGCoaching

Build Order

Get SALT Encoding   

  14  0:17  Supply Depot  
  16  0:40  Barracks, Refinery  When swap off, make a tech lab
  20  1:44  Command Center, Supply Depot  
  22  2:10  Factory  Swap onto the Barracks Reactor, make 8 helions
  22  2:11  Refinery  
  23  2:30  Barracks Reactor  Swap with the factory
  25  2:55  Starport  Will build a tech lab
  26  3:10  Hellion  x8
  28  3:25  Barracks Reactor  
  36  3:36  Starport Reactor  Viking x2
  40  4:00  Stimpack  
  49  4:15  Barracks  x2
  60  5:00  Command Center  
  70  5:30  Engineering Bay  x2
  70  5:40  Refinery  x2
Spawning Tool Build Advisor. Get it on Overwolf

Go to:

Details

  • Created by: mdub
  • Published on: Nov 08, 2022
  • Modified on: Nov 10, 2022
  • Patch: 4.11.0
  • Difficulty: Medium
Show
View Real Time Build Order
Export as new Build Order

Comments (0)

There are no comments. Be the first!

Create an account to comment!